cohdb
Replays
Latest Replays
All Replays
Popular Replays
Top Player Replays
Match Explorer
How It Works
Community
CoH3 Stats
Reddit
Sign in to upload your games and track your stats! →
Sign in with Steam
Match 40932009
Unlisted
Match 40932009
Overview
Messages
Build Orders
End
Vickers Machine Gun Team
Construct Section Command Post
ML 3-inch Mortar Team
Infantry Section
Royal Engineer Section
Construct Platoon Command Post
Selects Canadian Shock Battlegroup
Selects Incendiary Munitions
Construct Field Infirmary
Humber Armored Car
Selects Pyrotechnics
6-pounder Anti-tank Gun Team
Construct Company Command Post
Foot Guards Section
Infantry Training
Selects Attacking Spirit
Selects Canadian Shock Section
Foot Guards Section
Unlock M3 Grant Medium Tanks
Selects Point Assault
Canadian Shock Section
CMP 15cwt Truck
Point Assault
CMP 15cwt Truck
Unlock Towed 17-pounder Anti-tank Guns
Hawake
Chubbybro
Murmillo
DaddyIssues
Wick
MZMZ
jerjawe
Lucifer
0
0
Comments
sign in to comment!
No comments posted yet!